 Dungeon Crawl Stone Soup version 0.29.1-15-g9cfb28693d (webtiles) character file.

Game seed: 2945657309365579081

459 protoss039 the Digger (level 6, 47/47 HPs)
             Began as a Demonspawn Earth Elementalist on Feb 28, 2023.
             Got out of the dungeon alive.
             The game lasted 00:07:30 (4854 turns).

protoss039 the Digger (DsEE)                        Turns: 4854, Time: 00:07:31

Health: 47/47      AC:  9    Str:  8    XL:     6   Next: 78%
Magic:  11/11      EV: 12    Int: 19    God:
Gold:   228        SH:  0    Dex: 19    Spells: 6/12 levels left

rFire   . . .      SeeInvis .   i - +0 short sword (speed)
rCold   . . .      Faith    .   (no shield)
rNeg    . . .      Spirit   .   z - +0 leather armour
rPois   .          Reflect  .   (helmet restricted)
rElec   .          Harm     .   n - +0 cloak
rCorr   .          Rampage  .   (no gloves)
Will    .....                   w - +2 pair of boots
Stlth   ++........              g - amulet of regeneration
HPRegen 0.95/turn               l - ring of flight
MPRegen 0.12/turn               m - +6 ring of dexterity

@: flying
A: horns 1, icy blue scales 1, ignite blood 1, demonic magic 1
a: no special abilities


You escaped.
You visited 1 branch of the dungeon, and saw 4 of its levels.
You also visited: Sewer.

You collected 228 gold pieces.

Inventory:

Hand Weapons
 c - a +1 dagger of protection
 i - a +0 short sword of speed (weapon)
Armour
 n - a +0 cloak (worn)
 w - a +2 pair of boots (worn)
 z - a +0 leather armour (worn)
Jewellery
 g - an amulet of regeneration (around neck)
 l - a ring of flight (left hand)
 m - a +6 ring of dexterity (right hand)
Scrolls
 d - 3 scrolls of teleportation {unknown}
 f - 2 scrolls of magic mapping {unknown}
 h - a scroll of immolation {unknown}
 k - 4 scrolls of fear {unknown}
 o - a scroll of amnesia {unknown}
 p - 5 scrolls of identify {unknown}
 r - 3 scrolls of brand weapon {unknown}
 t - a scroll of enchant weapon {unknown}
 v - a scroll of noise {unknown}
 y - 2 scrolls of fog {unknown}
 C - a scroll of vulnerability {unknown}
Potions
 a - a potion of degeneration {unknown}
 b - a potion of magic
 e - a potion of invisibility {unknown}
 j - a potion of berserk rage {unknown}
 q - 3 potions of might {unknown}
 s - a potion of mutation {unknown}
 u - 2 potions of haste {unknown}
 x - 2 potions of attraction {unknown}
 A - a potion of flight {unknown}
 B - a potion of heal wounds {unknown}
 D - a potion of lignification {unknown}
 E - a potion of curing {unknown}


   Skills:
 + Level 3.2 Fighting
 + Level 1.4 Armour
 - Level 1.7 Dodging
 - Level 1.7 Stealth
 + Level 3.6 Spellcasting
 + Level 2.8 Conjurations
 - Level 0.8 Transmutations
 + Level 4.1 Earth Magic


You had 6 spell levels left.
You knew the following spells:

 Your Spells              Type           Power      Damage    Failure   Level
a - Sandblast             Erth           38%        2d10      3%          1
b - Passwall              Tmut/Erth      10%        N/A       11%         2
c - Stone Arrow           Conj/Erth      32%        3d9       14%         3

Your spell library contained the following spells:

 Spells                   Type           Power      Damage    Failure   Level
 Magic Dart               Conj           56%        1d5       6%          1
 Freeze                   Ice            12%        1d4       21%         1
 Call Imp                 Summ           3%         N/A       30%         2
 Ensorcelled Hibernation  Hex/Ice        6%         N/A       30%         2
 Mephitic Cloud           Conj/Pois/Air  7%         N/A       38%         3
 Spider Form              Tmut/Pois      5%         N/A       45%         3
 Frozen Ramparts          Ice            6%         1d1       52%         3
 Petrify                  Tmut/Erth      13%        N/A       56%         4
 Hailstorm                Conj/Ice       8%         3d4       73%         4
 Anguish                  Hex/Necr       1%         N/A       89%         4


Dungeon Overview and Level Annotations

Branches:
Dungeon (4/15) Zot: 19848   Sewer (visited)
 Temple: D:4-7

Altars:

Shops:
D:4 *


Innate Abilities, Weirdness & Mutations

You have a pair of small horns on your head.
You are partially covered in icy blue scales. (AC +2)
Your demonic aura sometimes causes spilled blood to erupt in flames.
Spells you cast may paralyse adjacent enemies.


Message History

You kill the endoplasm!
Malevolent energies surge around you.
Unknown command.
Casting: Sandblast (safe; 3% risk of failure)
Confirm with . or Enter, or press ? or * to list all spells.
Aiming: Sandblast (safe; 3% risk of failure)
Press: ? - help, Shift-Dir - straight line, f - you That would be overly suicidal.
Okay, then.
Unknown command.
Found Zedeg's Assorted Antiques.
Found a stone staircase leading up.
There is an entrance to Zedeg's Assorted Antiques here.
You can access your shopping list by pressing '$'.
q - 3 purple potions (gained 1)
There is an entrance to Zedeg's Assorted Antiques here.
There is a stone staircase leading up here.
Done exploring.
Done exploring.
Done exploring.
Done exploring.
Unknown command.
(D) Dungeon
Where to? (Enter - D:3 @ (x,y), ? - help)
What level of the Dungeon? (default 1, ? - help)
There is a stone staircase leading up here.
You fly upwards.
There is a stone staircase leading down here.
You see here 4 stones.
There is a stone staircase leading up here.
You fly upwards.
There is a stone staircase leading down here.
There is an open door here.
You see here a +0 club.
There is a stone staircase leading up here.
You fly upwards.
There is a stone staircase leading down here.
There is a staircase leading out of the dungeon here.
Are you sure you want to leave the Dungeon?
This will make you lose the game!
You have escaped!

#####.#.#....#.....#.# #.#
#.#.≈....≈.....#.# #.##
#.#.≈..⌠.≈.)...#.# #.#.
#†#.≈....≈.....#.# #.#. #
#.#.#....#.....#.# ####... #
#.####≈≈###≈§###.######.....#
##
#.##.....#....#..............
.#
#.##.....≈....§..##...######.
.# #.##...(.≈.⌠@.≈.........#
#. .#
#.##.....≈....≈....####.####.
.#
#.##.....#....#..............
.#
#........##≈§#'....####......
.# #.#).#####......>..#
####### .# #....# #####.##..#
.# #.#### #.....# .#
#.###############..# .#
#..................#


There were no monsters in sight!

Vanquished Creatures
  A scorpion (D:4)
  2 jellies
  Crazy Yiuf (D:2)
  2 hounds (D:4)
  An iguana (D:4)
  Terence (D:2)
  9 adders
  2 river rats (Sewer)
  4 orcs (D:4)
  11 ball pythons
  11 bats
  9 endoplasms
  2 giant cockroaches (D:3)
  6 goblins
  2 hobgoblins (D:3)
  5 jackals (Sewer)
  9 quokkas
  7 frilled lizards
  8 kobolds
  11 rats
104 creatures vanquished.

Vanquished Creatures (others)
  12 plants (Sewer)
12 creatures vanquished.

Grand Total: 116 creatures vanquished

Notes
Turn   | Place    | Note
-------+----------+-------------------------------------------
     0 | D:1      | protoss039 the Demonspawn Earth Elementalist began the
                  | quest for the Orb.
     0 | D:1      | Reached XP level 1. HP: 13/13 MP: 3/3
   280 | D:1      | Gained mutation: Your demonic aura sometimes causes spilled
                  | blood to erupt in flames. [demonic ancestry]
   280 | D:1      | Reached XP level 2. HP: 20/20 MP: 5/5
   450 | D:1      | Reached skill level 1 in Fighting
   542 | D:1      | Reached skill level 3 in Earth Magic
  1165 | D:1      | Gained mutation: Spells you cast may paralyse adjacent
                  | enemies. [demonic ancestry]
  1165 | D:1      | Reached XP level 3. HP: 22/26 MP: 2/6
  1332 | D:1      | Learned a level 2 spell: Passwall
  1336 | D:1      | Learned a level 3 spell: Stone Arrow
  1878 | D:2      | Found a runed translucent door.
  1879 | D:2      | Noticed Crazy Yiuf
  2082 | D:2      | Noticed Terence
  2214 | D:3      | Reached skill level 1 in Conjurations
  2214 | D:3      | Gained mutation: You have a pair of small horns on your
                  | head. [demonic ancestry]
  2214 | D:3      | Reached XP level 4. HP: 32/33 MP: 3/8
  2321 | D:3      | Found a glowing drain.
  2337 | Sewer    | Entered a sewer
  2836 | Sewer    | Reached XP level 5. HP: 38/38 MP: 5/9
  3378 | D:3      | Found a faded altar of an unknown god.
  3581 | D:2      | Killed Terence
  4112 | D:2      | Killed Crazy Yiuf
  4242 | D:4      | Gained mutation: You are partially covered in icy blue
                  | scales. (AC +2) [demonic ancestry]
  4242 | D:4      | Reached XP level 6. HP: 45/46 MP: 5/11
  4249 | D:4      | Reached skill level 1 in Armour
  4249 | D:4      | Reached skill level 4 in Earth Magic
  4747 | D:4      | Found Zedeg's Assorted Antiques.
  4854 | D:$      | Got out of the dungeon alive.

Illustrated notes

Levels and vault maps discovered:
D:1:      dpeg_arrival_rooms_with_view, layout_basic, minivault_24,
          minmay_tripent
D:2:      layout_loops_corners, kennysheep_generic_room_4, uniq_terence,
          uniq_crazy_yiuf_cottage
D:3:      layout_rooms, hellmonk_ecumenical_altar_inner_sanctum,
          gup_sewer_entry_pipe, minmay_vboxes
D:4:      layout_cave_pools, serial_shops, shop

Skill      XL: |  1  2  3  4  5  6 |
---------------+-------------------+-----
Fighting       | 1 2 3 |  3.2
Earth Magic    | 3 4 |  4.1
Conjurations   | 1 2 |  2.8
Spellcasting   | 3 |  3.6
Armour         | 1 |  1.4
Dodging        | |  1.7
Stealth        | |  1.7
Transmutations | |  0.8

Action                   |  1- 3 |  4- 6 || total
-------------------------+-------+-------++-------
Melee: Dagger            |    49 |       ||    49
       Short sword       |     8 |   122 ||   130
       Headbutt          |       |    25 ||    25
       Punch             |       |     1 ||     1
 Cast: Sandblast         |    35 |    64 ||    99
       Stone Arrow       |       |     4 ||     4
 Stab: Sleeping          |     6 |     1 ||     7
       Paralysed         |     3 |    12 ||    15
Armor: Robe              |    20 |    11 ||    31
       Leather armour    |       |    14 ||    14
Dodge: Dodged            |    53 |    72 ||   125
